AoeStats
← InTrUsIoN

Four Lakes

509461455Analyzed
1v1 RM · 5d ago on Sep 26, 2026· 46m 31s· 2 players
Game mode
Random Map
Map size
Tiny (2 player)
Population
200
Speed
Normal
Resources
Standard
Victory
Conquest
Starting age
Dark Age
Ending age
Imperial Age
RankedLock teamsTeams togetherTeam positionsShared explorationLock speedFull tech treeHidden civsTurbo modeCheats
Victory
Defeat
🇦🇹 Celts · Austria
518
+11
🇺🇸 Lithuanians · United States
411
-11
InTrUsIoN
11:17 Feudal Age
12:09 Loom
12:18 Double-Bit Axe
13:38 Wheelbarrow
13:14 Fishing Lines
18:27 Bloodlines
22:00 Town Watch
24:28 Castle Age
24:04 Forging
24:00 Scale Barding Armor
26:07 Iron Casting
25:53 Chain Barding Armor
25:37 Husbandry
25:14 Light Cavalry
26:27 Hand Cart
26:03 Horse Collar
31:28 Bow Saw
41:53 Imperial Age
41:18 Treadmill Crane
42:06 Ballistics
42:16 Fletching
42:27 Padded Archer Armor
42:35 Heavy Plow
44:54 Thumb Ring
jojohe232
0:40 Loom
12:03 Feudal Age
14:58 Double-Bit Axe
17:07 Forging
17:03 Scale Barding Armor
17:24 Scale Mail Armor
23:00 Castle Age
23:51 Husbandry
23:13 Light Cavalry
28:31 Stone Mining
28:32 Gold Mining
28:25 Horse Collar
29:00 Bow Saw
31:15 Iron Casting
30:55 Chain Mail Armor
30:08 Pikeman
31:42 Gold Shaft Mining
40:00 Imperial Age
38:06 Padded Archer Armor
38:27 Chain Barding Armor
37:58 Fletching
38:11 Padded Archer Armor
40:17 Cavalier
42:43 Halberdier
43:46 Conscription
45:00 Bodkin Arrow
46:06 Blast Furnace
45:37 Plate Mail Armor
Connection lost

Rejoining the realm…

Still unreachable

The connection could not be restored.

Session expired

The server has moved on; the page needs a fresh start.